[Event "*** Titled Tuesday 3|2 Blitz"]
[Site "Chess.com"]
[Date "2014.12.30"]
[Round "9"]
[White "LADIESGET2KNOWME"]
[Black "MikePerelshteyn"]
[Result "1-0"]
[WhiteElo "2237"]
[BlackElo "2048"]
[TimeControl "180+2"]
[EndTime "13:01:02 PST"]
[Termination "LADIESGET2KNOWME won by resignation"]

1. d4 c6 2. Nf3 Nf6 3. c3 g6 4.
Bf4 Bg7 5. e3 O-O 6. Nbd2 d6 7. h3 Nbd7 8. Be2 a6 9. O-O b5 10.
a4 Bb7 11. axb5 cxb5 12. Bh2 Nb6 13. b3 Qd7 14. c4 Rfc8 15. Qb1 h6 16. Rc1 Kf8 17. Ra2 Kg8 18. Rac2 Kf8 19. Ne1 Ne4 20. Nef3 b4 21. Bd3 Nc3 22. Qb2 a5 23. Ra1 Kg8 24.
Bg3 f5 25. Re1 Ne4 26. Bxe4 fxe4 27. Nh2 h5 28. Qb1 Qf5 29. Rcc1 Nd7 30. Re2 g5 31. h4 gxh4 32. Bxh4 Bf6 33. Bxf6 Nxf6 34. d5 Kf7 35. Rf1 Rg8 36. f3 Qg6 37. Nxe4 Nxe4 38. fxe4+ Ke8 39. Nf3 Kd7 40. e5 Raf8 41. e6+ Kc7 42.
Qxg6 Rxg6 43. Nd4 Rxf1+ 44. Kxf1 Kb6 45. Rf2 a4 46. bxa4 Kc5 47. Rc2 Rg8 48. Nb3+ Kb6 49.
a5+ Ka6 50. e4 Rg4 51. Re2 Bxd5 52. cxd5 Rg3 53. Rb2 Kb5 54. Nd4+ Kc4 55. Nc6 b3 56. Nxe7 Kc3 57. Rxb3+ Kxb3 58. Nf5 Rg8 59. Nxd6 Rg7 60. Nf5 Ra7 61. e7 Ra8 62. d6 1-0

[Event "*** Titled Tuesday 3|2 Blitz"]
[Site "Chess.com"]
[Date "2014.12.30"]
[Round "9"]
[White "VovAn1991"]
[Black "DanielNaroditsky"]
[Result "0-1"]
[WhiteElo "2455"]
[BlackElo "2639"]
[TimeControl "180+2"]
[EndTime "13:02:13 PST"]
[Termination "DanielNaroditsky won by resignation"]

1. e4 e5 2. Nf3 Nc6 3. Bc4 Bc5 4.
O-O Nf6 5. d3 d6 6. c3 O-O 7. h3 h6 8. Re1 Bb6 9. Nbd2 Ne7 10. d4 Ng6 11. Bf1 Re8 12. Nc4 exd4 13. Nxb6 axb6 14. Qxd4 Bd7 15. Bd2 Bc6 16. Bd3 Ne5 17. Nxe5 dxe5 18. Qe3 Qd7 19. Bc2 Rad8 20. Rad1 Qe7 21. Bc1 Qc5 22. Qxc5 bxc5 23. f3 b6 24. Kf2 Kf8 25. g3 Ra8 26. Bb1 Nd7 27. h4 Re6 28. f4 Rd6 29. Rxd6 cxd6 30. Rd1 Ke7 31. f5 Nf6 32. Re1 Ra4 33. b3 Rxe4 34. Bxe4 Nxe4+ 35. Ke3 Nxg3 36. a4 Nxf5+ 37. Kd3 Nxh4 38.
Be3 f5 39. Ra1 f4 40. Bf2 e4+ 41. Ke2 Nf5 42. b4 e3 43. Be1 f3+ 44. Kd3 f2 45. Bxf2 exf2 46. Ke2 Ng3+ 47. Kxf2 Ne4+ 48. Ke3 Nxc3 49.
a5 Nd5+ 50. Kf2 bxa5 51. bxa5 Kd7 52. Rg1 g5 53. Rh1 Nf6 54. Rb1 Kc7 55. a6 Ne4+ 56.
Ke3 Nc3 57. Rf1 Nd5+ 58. Kd2 Kb6 59. Rh1 Nb4 60. Rxh6 d5 61. Rg6 Nxa6 62. Rxg5 c4 63. Rg1 Kc5 64. Rg5 Nc7 65. Ke3 Nb5 66. Rh5 c3 67.
Kd3 Be8 68. Rg5 Bf7 69. Kc2 Kc4 70. Kc1 d4 71. Rg4 Bd5 72. Rh4 Nd6 73. Rh6 Ne4 74. Rh8 d3 75. Rc8+ Kd4 76. Kd1 Bb3+ 0-1

[Event "*** Titled Tuesday 3|2 Blitz"]
[Site "Chess.com"]
[Date "2014.12.30"]
[Round "9"]
[White "Philofive"]
[Black "ChessWarrior7197"]
[Result "1/2-1/2"]
[WhiteElo "2271"]
[BlackElo "2025"]
[TimeControl "180+2"]
[EndTime "13:02:27 PST"]
[Termination "Game drawn by repetition"]

1. d4 Nf6 2. Bg5 Ne4 3. Bf4 d5 4. e3 g6 5. Bd3 Nf6 6. Nf3 Bg7 7. O-O O-O 8. c4 Nbd7 9. Nc3 dxc4 10. Bxc4 Nb6 11. Be2 c6 12. Rc1 Nbd5 13. Be5 Nxc3 14. bxc3 Ne4 15. Bxg7 Kxg7 16. Bd3 Nf6 17. Ne5 Be6 18.
Qc2 Qc7 19. Qb2 b6 20. c4 Rfd8 21. Rfd1 Rac8 22. h3 Kg8 23. Be2 Nd7 24. Nd3 Bf5 25. Bf3 Bxd3 26. Rxd3 c5 27. Rcd1 cxd4 28. Rxd4 Nc5 29.
Bg4 e6 30. Be2 Nb7 31. h4 h5 32. Bf3 Na5 33. Be2 Rxd4 34. Rxd4 e5 35. Rd1 Nxc4 36.
Bxc4 Qxc4 37. Qxe5 Qxa2 38. Rd7 a5 39. g4 hxg4 40. h5 Qe6 41. Qxe6 fxe6 42. hxg6 a4 43. Ra7 b5 44. Kg2 Rc3 45. Kg3 Rc2 46. Ra5 Rb2 47.
Kxg4 Kg7 48. Kg5 Rxf2 49. Ra7+ Kg8 50. e4 e5 51. Rb7 a3 52. Rxb5 a2 53. Ra5 Kg7 54.
Ra7+ Kg8 55. Ra8+ Kg7 56. Ra7+ Kg8 57. Kh6 Rh2+ 58. Kg5 Rf2 59. Ra8+ Kg7 60. Ra7+ Kg8 61. Ra5 Kg7 62. Ra8 Rg2+ 63. Kf5 Rf2+ 64. Kg5 Rg2+ 65.
Kf5 Rf2+ 66. Kg5 Rg2+ 67. Kf5 Rf2+ 68. Kg5 Rg2+ 69. Kf5 Rf2+ 70. Kg5 Rg2+ 71. Kf5 Rf2+ 72. Kg5 Rg2+ 73. Kf5 Rf2+ 74. Kg5 Rg2+ 75. Kf5 1/2-1/2

[Event "*** Titled Tuesday 3|2 Blitz"]
[Site "Chess.com"]
[Date "2014.12.30"]
[Round "9"]
[White "David_Klein"]
[Black "DARIO555"]
[Result "1-0"]
[WhiteElo "2346"]
[BlackElo "2197"]
[TimeControl "180+2"]
[EndTime "13:02:29 PST"]
[Termination "David_Klein won by resignation"]

1. g3 e5 2. Bg2 Nc6 3. d3 Bc5 4.
Nf3 d6 5. h4 Bg4 6. c3 Nge7 7.
Qa4 Bd7 8. Qc2 a6 9. Nbd2 Ba7 10. Ne4 h6 11. Be3 Bxe3 12. fxe3 Nf5 13. Qd2 d5 14.
Nc5 Nxg3 15. Rg1 b6 16. Nxd7 Qxd7 17. O-O-O O-O-O 18. Qe1 Nh5 19. Nd2 g6 20. c4 Ne7 21.
Kb1 f5 22. Rc1 e4 23. d4 Kb8 24. cxd5 Nxd5 25. Nc4 Qb5 26. Qd2 Nhf6 27. Bh3 Rhg8 28.
Ne5 Ne7 29. Qc2 Rc8 30. a4 Qe8 31. Qb3 a5 32. Rc4 g5 33. hxg5 hxg5 34. Bg2 Nfd5 35. Rgc1 Rh8 36. Rc6 Rh2 37. Bf1 Rh1 38. Qb5 Kb7 39.
Qc4 Nxc6 40. Qxd5 Rd8 41. Qxc6+ Qxc6 42. Nxc6 Rxf1 43. Rxf1 Kxc6 44. Rxf5 Rg8 45. Rf1 g4 46. Kc2 b5 47. Rf6+ Kb7 48. axb5 g3 49. Rf1 g2 50. Rg1 Kb6 51. Kc3 Kxb5 52. Kb3 a4+ 53. Kc3 c6 54. Kd2 Kb4 55. Kc1 Kb3 56. Kb1 Rg3 57.
Kc1 a3 58. bxa3 Kxa3 59. Kd2 Kb3 60. Ke1 Rxe3 61. Rxg2 Kc4 62. Rg6 Kxd4 63. Rxc6 Ra3 64. Rc2 Ke3 65. Rc1 Rb3 66. Ra1 Kd4 67. Rd1+ Kc3 68.
Kf2 e3+ 69. Kxe3 Kc2+ 70. Rd3 Rb5 71. Rd8 Re5+ 72. Kf3 Kc3 73. e4 Kc4 74. Kf4 Ra5 75. e5 Ra1 76. Kf5 Rf1+ 77. Ke6 Kc5 78. Ke7 Kc6 79. e6 Kc7 80. Rd2 Rf3 81. Ke8 Kc8 82.
e7 Rf1 83. Rc2+ Kb7 84. Rc4 Rd1 85. Kf7 Rf1+ 86. Ke6 Re1+ 87. Kf6 Rf1+ 88. Ke5 Re1+ 89. Re4 Rxe4+ 1-0